 Dungeon Crawl Stone Soup version 0.30-a0-269-gf0224bf7b6 (webtiles) character file.

Game seed: 17375862935612825572

105 brknglss the Firebug (level 4, -2/32 HPs)
             Began as a Gnoll Fire Elementalist on Oct 14, 2022.
             Slain by a gnoll
             ... wielding a +0 club
              (6 damage)
             ... on level 2 of the Dungeon.
             The game lasted 00:05:23 (2582 turns).

brknglss the Firebug (Gnoll Fire Elementalist)      Turns: 2582, Time: 00:05:23

Health: -2/32      AC:  3    Str:  7    XL:     4   Next: 81%
Magic:  0/11       EV: 13    Int: 17    God:
Gold:   85         SH:  0    Dex: 12    Spells: 10/13 levels left

rFire   + . .      SeeInvis .    n - staff of fire
rCold   . . .      Faith    .    (no shield)
rNeg    . . .      Spirit   .    a - +0 robe
rPois   .          Reflect  .    (no helmet)
rElec   .          Harm     .    l - +0 cloak
rCorr   .          Rampage  .    (no gloves)
Will    .....                    (no boots)
Stlth   +++.......               (no amulet)
HPRegen 0.25/turn                (no ring)
MPRegen 0.12/turn                (no ring)

@: no status effects
A: fangs 1, strong nose, distributed training
a: no special abilities


You were on level 2 of the Dungeon.
You visited 1 branch of the dungeon, and saw 3 of its levels.

You collected 85 gold pieces.

Inventory:

Missiles
 g - 6 poisoned darts
Armour
 a - a +0 robe (worn)
 l - a +0 cloak (worn)
Magical Staves
 n - a staff of fire (weapon)
Scrolls
 h - a scroll of silence {unknown}
 j - a scroll of teleportation {unknown}
 k - a scroll of blinking {unknown}
 m - a scroll of identify {unknown}
Potions
 b - a potion of magic
 d - a potion of haste {unknown}
 e - a potion of mutation {unknown}
 f - a potion of flight {unknown}
 i - a potion of curing {unknown}


   Skills:
 + Level 1.3 Fighting
 + Level 1.3 Short Blades
 + Level 1.3 Long Blades
 + Level 1.3 Axes
 + Level 1.3 Maces & Flails
 + Level 1.3 Polearms
 + Level 1.3 Staves
 + Level 1.3 Ranged Weapons
 + Level 1.3 Throwing
 + Level 1.3 Armour
 + Level 4.7 Dodging
 + Level 4.3 Stealth
 + Level 1.3 Shields
 + Level 1.3 Unarmed Combat
 + Level 5.1 Spellcasting
 + Level 2.3 Conjurations
 + Level 1.0 Hexes
 + Level 1.0 Summonings
 + Level 1.0 Necromancy
 + Level 1.0 Translocations
 + Level 1.0 Transmutations
 + Level 5.5 Fire Magic
 + Level 1.0 Ice Magic
 + Level 1.0 Air Magic
 + Level 1.0 Earth Magic
 + Level 1.0 Poison Magic
 + Level 1.4 Invocations
 + Level 1.3 Evocations


You had 10 spell levels left.
You knew the following spells:

 Your Spells              Type           Power      Damage    Failure   Level
a - Foxfire               Conj/Fire      100%       2x1d9     2%          1
b - Scorch                Fire           68%        2d8       2%          2

Your spell library contained the following spells:

 Spells                   Type           Power      Damage    Failure   Level
 Inner Flame              Hex/Fire       23%        N/A       11%         3
 Kindle Blastsparks       Fire/Tloc/Air  38%        2d13      14%         3
 Flame Wave               Conj/Fire      26%        2d8       28%         4


Dungeon Overview and Level Annotations

Branches:
Dungeon (3/15)

Altars:
Uskayaw

Shops:
D:1 =


Innate Abilities, Weirdness & Mutations

You have very sharp teeth.
Your uncanny sense of smell can sniff out nearby items.
Your experience applies equally to all skills.


Message History

You feel a surge of power!
Flames lash the gnoll.
The gnoll is moderately wounded.
The gnoll's fire resistance burns away.
The gnoll hits you with a +0 club.
* * * LOW HITPOINT WARNING * * *
The dart slug closely misses you.
Casting: Scorch (safe; 2% risk of failure)
Confirm with . or Enter, or press ? or * to list all spells.
You feel a surge of power!
Flames lash the dart slug.
You kill the dart slug!
The gnoll hits you with a +0 club.
* * * LOW HITPOINT WARNING * * *
Casting: Scorch (safe; 2% risk of failure)
Confirm with . or Enter, or press ? or * to list all spells.
You don't have enough magic to cast this spell.
The gnoll is no longer more vulnerable to fire.
Casting: Scorch (safe; 2% risk of failure)
Confirm with . or Enter, or press ? or * to list all spells.
You feel a surge of power!
You conjure some foxfire!
The gnoll barely misses you.
You closely miss the gnoll.
The gnoll is moderately wounded.
The foxfire hits the gnoll but does no damage.
The gnoll is moderately wounded.
The foxfire hits the gnoll.
The gnoll is moderately wounded.
The gnoll hits you with a +0 club.
* * * LOW HITPOINT WARNING * * *
Casting: Foxfire (safe; 2% risk of failure)
Confirm with . or Enter, or press ? or * to list all spells.
You feel a surge of power!
You conjure some foxfire!
The gnoll closely misses you.
The foxfire hits the gnoll.
The gnoll is heavily wounded.
The foxfire hits the gnoll.
The gnoll is almost dead.
Casting: Foxfire (safe; 2% risk of failure)
Confirm with . or Enter, or press ? or * to list all spells.
You feel a surge of power!
You conjure some foxfire!
The gnoll hits you with a +0 club.
You die...

############ #..........#
#.....÷....# ###..........#
##########...####.#####
<.......)#).#####.#
#...####.>......#v### #######
###.#######.###g@v..######....<##
#...# #.# #####).............
###.#####.#### ##.###.........
##..........## #..##.........
##...)........## ##............
#....†.........# ###..........
#...)..........# #..........
#........^.....# ##........#
#........#############.........


You could see a gnoll (ally target).

Vanquished Creatures
  2 gnolls
  2 adders (D:2)
  A worm (D:2)
  3 dart slugs
  3 ball pythons
  9 bats
  3 endoplasms
  2 giant cockroaches (D:1)
  4 goblins
  2 hobgoblins
  7 jackals (D:1)
  8 kobolds
  A quokka (D:2)
  4 frilled lizards
  8 rats
59 creatures vanquished.

Vanquished Creatures (others)
  125 foxfires
  2 plants (D:1)
127 creatures vanquished.

Grand Total: 186 creatures vanquished

Notes
Turn   | Place    | Note
-------+----------+-------------------------------------------
     0 | D:1      | brknglss the Gnoll Fire Elementalist began the quest for
                  | the Orb.
     0 | D:1      | Reached XP level 1. HP: 13/13 MP: 6/6
   230 | D:1      | Reached XP level 2. HP: 19/19 MP: 0/7
   656 | D:1      | Found Takk's Jewellery Emporium.
   664 | D:1      | Reached skill level 5 in Spellcasting
   664 | D:1      | Reached XP level 3. HP: 24/25 MP: 4/9
  1021 | D:1      | Reached skill level 1 in Invocations
  1026 | D:1      | Learned a level 2 spell: Scorch
  1587 | D:2      | Reached skill level 1 in Fighting
  1587 | D:2      | Reached skill level 1 in Short Blades
  1587 | D:2      | Reached skill level 1 in Long Blades
  1587 | D:2      | Reached skill level 1 in Axes
  1587 | D:2      | Reached skill level 1 in Maces & Flails
  1587 | D:2      | Reached skill level 1 in Polearms
  1587 | D:2      | Reached skill level 1 in Staves
  1587 | D:2      | Reached skill level 1 in Ranged Weapons
  1587 | D:2      | Reached skill level 1 in Throwing
  1587 | D:2      | Reached skill level 1 in Armour
  1587 | D:2      | Reached skill level 1 in Shields
  1587 | D:2      | Reached skill level 1 in Unarmed Combat
  1587 | D:2      | Reached skill level 1 in Evocations
  1612 | D:2      | Reached XP level 4. HP: 30/32 MP: 3/11
  1685 | D:2      | Found a hide-covered altar of Uskayaw.
  2300 | D:2      | Reached skill level 1 in Hexes
  2300 | D:2      | Reached skill level 1 in Summonings
  2300 | D:2      | Reached skill level 1 in Necromancy
  2300 | D:2      | Reached skill level 1 in Translocations
  2300 | D:2      | Reached skill level 1 in Transmutations
  2300 | D:2      | Reached skill level 1 in Ice Magic
  2300 | D:2      | Reached skill level 1 in Air Magic
  2300 | D:2      | Reached skill level 1 in Earth Magic
  2300 | D:2      | Reached skill level 1 in Poison Magic
  2582 | D:2      | Slain by a gnoll

Illustrated notes

Levels and vault maps discovered:
D:1:      wander_arrival_chamber, layout_basic, serial_shops, shop,
          serial_forest, infiniplex_forest_clump_tiny, infiniplex_forest_3_way,
          infiniplex_forest_straight_2, infiniplex_forest_lined_2
D:2:      mumra_celtic_spiral_tile, layout_rooms, basic_altar
D:3:      layout_rooms, hellmonk_ecumenical_altar_run_dry,
          kennysheep_cross_room, grunt_ministairs_1

Skill      XL: |  1  2  3  4 |
---------------+-------------+-----
Conjurations   | 2 |  2.3
Spellcasting   | 5 |  5.1
Invocations    | 1 |  1.4
Fighting       | 1 |  1.3
Short Blades   | 1 |  1.3
Long Blades    | 1 |  1.3
Axes           | 1 |  1.3
Maces & Flails | 1 |  1.3
Polearms       | 1 |  1.3
Staves         | 1 |  1.3
Ranged Weapons | 1 |  1.3
Throwing       | 1 |  1.3
Armour         | 1 |  1.3
Shields        | 1 |  1.3
Unarmed Combat | 1 |  1.3
Evocations     | 1 |  1.3
Hexes          | 1 |  1.0
Summonings     | 1 |  1.0
Necromancy     | 1 |  1.0
Translocations | 1 |  1.0
Transmutations | 1 |  1.0
Ice Magic      | 1 |  1.0
Air Magic      | 1 |  1.0
Earth Magic    | 1 |  1.0
Poison Magic   | 1 |  1.0
Dodging        | |  4.7
Stealth        | |  4.3
Fire Magic     | |  5.5

Action                   |  1- 3 |  4- 6 || total
-------------------------+-------+-------++-------
Melee: Unarmed           |     1 |       ||     1
       Short sword       |    43 |    17 ||    60
       Bite              |     6 |     4 ||    10
       Staff             |       |     1 ||     1
 Cast: Foxfire           |    48 |    24 ||    72
       Scorch            |     2 |     7 ||     9
 Stab: Sleeping          |     5 |     1 ||     6
Armor: Robe              |    10 |     5 ||    15
Dodge: Dodged            |    44 |    33 ||    77

Table legend: (Time is in decaauts)
 A = Elapsed time spent in this place.
 B = Non-inter-level travel time spent in this place.
 C = Inter-level travel time spent in this place.
 D = Time resting spent in this place.
 E = Time spent auto-exploring this place.
 F = Levels seen in this place.
 G = Mean time per level.
                   A        B        C        D        E       F      G
               +--------+--------+--------+--------+--------+-----+--------+
         Total |   2579 |   2480 |     99 |    512 |   1402 |   3 |  859.7 |
       Dungeon |   2579 |   2480 |     99 |    512 |   1402 |   3 |  859.7 |
               +--------+--------+--------+--------+--------+-----+--------+

Top non-repeatable levels by time:
     D:1: 1485 daAuts
     D:2: 1084 daAuts
     D:3: 9 daAuts
